 Dungeon Crawl Stone Soup version 0.28-a0-1199-gef9e1dbd39 (webtiles) character file.

Game seed: 838648794965740944

98 bande the Covered (level 4, -5/29 HPs)
             Began as a Gargoyle Fighter on Dec 19, 2021.
             Slain by an ogre (21 damage)
             ... on level 4 of the Dungeon.
             The game lasted 00:03:52 (3591 turns).

bande the Covered (Gargoyle Fighter)                Turns: 3591, Time: 00:03:52

Health: -5/29      AC: 11    Str: 19    XL:     4   Next: 69%
Magic:  4/4        EV:  5    Int:  9    God:
Gold:   148        SH: 12    Dex: 11    Spells: 3/3 levels left

rFire   . . .      SeeInvis .   a - +0 war axe
rCold   . . .      Faith    .   e - +0 tower shield
rNeg    + . .      Spirit   .   b - +0 scale mail
rPois   ∞          Reflect  .   i - +0 helmet
rElec   +          Harm     .   (no cloak)
rCorr   .          Rampage  .   (no gloves)
Will    .....                   (no boots)
Stlth   ..........              (no amulet)
HPRegen 0.09/turn               (no ring)
MPRegen 0.09/turn               (no ring)

@: no status effects
A: sickness immunity, AC +3, negative energy resistance 1, electricity
resistance, torment resistance 1, petrification resistance
a: no special abilities


You were on level 4 of the Dungeon.
You visited 1 branch of the dungeon, and saw 4 of its levels.

You collected 148 gold pieces.

Inventory:

Hand Weapons
 a - a +0 war axe (weapon)
Armour
 b - a +0 scale mail (worn)
 c - a +1 buckler
 e - a +0 tower shield (worn)
 i - a +0 helmet (worn)
Jewellery
 f - a ring of ice
Potions
 d - a potion of might
 h - 2 potions of curing
 j - 3 potions of flight


   Skills:
 + Level 3.6 Fighting
 + Level 3.1 Axes
 + Level 4.0 Armour
 + Level 3.9 Shields


You had 3 spell levels left.
You didn't know any spells.
Your spell library contained the following spells:

 Spells                   Type           Power      Damage    Failure   Level
 Pain                     Necr           0%         1d4       100%        1
 Ensorcelled Hibernation  Hex/Ice        0%         N/A       100%        2
 Spider Form              Tmut/Pois      0%         N/A       100%        3
 Agony                    Necr           0%         N/A       100%        5
 Excruciating Wounds      Necr           0%         N/A       100%        5


Dungeon Overview and Level Annotations

Branches:
Dungeon (4/15)
 Temple: D:4-7

Altars:


Innate Abilities, Weirdness & Mutations

You are immune to sickness and miasma.
Your stone body is resilient. (AC +3)
You are immune to poison.
You resist negative energy. (rN+)
You are resistant to electric shocks. (rElec)
You are resistant to unholy torment.
You are immune to petrification.


Message History

No target in view!
No target in view!
No target in view!
You see here a +0 whip.
Found a hand axe.
You now have 139 gold pieces (gained 7).
You open the door.
There is an open door here.
As you open the door, it creaks loudly!
There is an open door here.
You see here 19 sling bullets.
You open the door.
There is an open door here.
You open the door.
There is an open door here.
Found a curved jewelled staff.
No target in view!
No target in view!
No target in view!
No target in view!
No target in view!
No target in view!
Found a leather armour.
You now have 143 gold pieces (gained 4).
Found a mace.
No target in view!
No target in view!
No target in view!
No target in view!
You now have 148 gold pieces (gained 5).
An ogre comes into view. It is wielding a +0 giant club.
The ogre shouts!
An ogre is nearby!
Your shield and scale mail prevent you from hitting the ogre.
The ogre hits you with a +0 giant club!
You hit the ogre.
The ogre is moderately wounded.
The ogre hits you with a +0 giant club!!
Ouch! That really hurt!
You die...

####
###.######
#........#
#.#.####.#
#.#.# #.#
# #.# #.#
... #.#
#[# #.#
... #.#
.). #@#
......O.#
#.......#
#........
#.......#
##....###
#.....
.....#


You could see an ogre.

Vanquished Creatures
  An orc wizard (D:3)
  2 adders
  A worm (D:2)
  An orc (D:3)
  5 endoplasms
  2 giant cockroaches (D:1)
  3 goblins
  6 hobgoblins
  5 jackals
  4 quokkas
  2 ball pythons
  4 bats
  4 frilled lizards (D:1)
  2 kobolds (D:3)
  6 rats
48 creatures vanquished.

Notes
Turn   | Place    | Note
-------+----------+-------------------------------------------
     0 | D:1      | bande the Gargoyle Fighter began the quest for the Orb.
     0 | D:1      | Reached XP level 1. HP: 14/14 MP: 1/1
   210 | D:1      | Reached XP level 2. HP: 18/19 MP: 2/2
  1320 | D:2      | Reached XP level 3. HP: 23/23 MP: 3/3
  2690 | D:3      | Found a faded altar of an unknown god.
  2767 | D:3      | Reached XP level 4. HP: 10/29 MP: 4/4
  3125 | D:3      | Reached skill level 4 in Armour
  3589 | D:4      | Noticed an ogre
  3591 | D:4      | Slain by an ogre

Illustrated notes

Levels and vault maps discovered:
D:1:      dpeg_arrival_lava_temple_mockup, layout_basic
D:2:      layout_basic, minmay_pentomino_x4
D:3:      layout_loops_ring, ebering_ecumenical_altar_abandoned,
          minmay_crystal_water, minmay_misc_feat_ornament, kennysheep_donut
D:4:      layout_loops_corners, nicolae_overflow_hidden_temple

Skill      XL: |  1  2  3  4 |
---------------+-------------+-----
Axes           | 2 3 |  3.1
Armour         | 4 |  4.0
Fighting       | |  3.6
Shields        | |  3.9

Action                   |  1- 3 |  4- 6 || total
-------------------------+-------+-------++-------
Melee: War axe           |   124 |    18 ||   142
  Use: Scroll            |     4 |     1 ||     5
       Potion            |     2 |       ||     2
Armor: Scale mail        |    64 |     5 ||    69
Dodge: Dodged            |    42 |     3 ||    45
Block: Buckler           |    28 |       ||    28
       Tower shield      |    21 |    17 ||    38

Table legend: (Time is in decaauts)
 A = Elapsed time spent in this place.
 B = Non-inter-level travel time spent in this place.
 C = Inter-level travel time spent in this place.
 D = Time resting spent in this place.
 E = Time spent auto-exploring this place.
 F = Levels seen in this place.
 G = Mean time per level.
                   A        B        C        D        E       F      G
               +--------+--------+--------+--------+--------+-----+--------+
         Total |   3662 |   3558 |    104 |    509 |   2520 |   4 |  915.5 |
       Dungeon |   3662 |   3558 |    104 |    509 |   2520 |   4 |  915.5 |
               +--------+--------+--------+--------+--------+-----+--------+

Top non-repeatable levels by time:
     D:1: 1266 daAuts
     D:3: 1062 daAuts
     D:2: 963 daAuts
     D:4: 370 daAuts
